Map: [ESL] Stargazers

Players

maru

  • Race: Terran Terran
  • League: Diamond
  • Spawn Location: 1:00

DPGherO (herO) - Winner!

  • Race: Protoss Protoss
  • Spawn Location: 11:00

Event: TSL 9

VOD

Have the link to the VOD?

Description

Time

  • Played on: Sept. 2, 2022, 6:23 a.m.
  • Length: 8:55

All games in this series

Show
View Real Time Build Order
Export as new Build Order

maru Terran 

Build Orders: Liberator Opening 

Get SALT Encoding   

  12  0:00  SCV  
  13  0:12  SCV  
  14  0:17  Supply Depot  
  14  0:24  SCV  
  15  0:38  SCV  
  15  0:39  Barracks  
  16  0:44  Refinery  
  16  0:50  SCV  
  17  1:02  SCV  
  18  1:14  SCV  
  19  1:29  Orbital Command, Marine  
  20  1:43  Command Center  
  20  1:55  Factory  
  20  1:57  SCV  
  21  2:04  Barracks Reactor  
  21  2:09  SCV  
  21  2:12  Supply Depot  
  22  2:15  Refinery  
  22  2:21  SCV  
  23  2:34  SCV  
  24  2:41  Hellion  
  24  2:42  Marine x2  
  24  2:43  Starport  
  28  2:46  SCV  
  29  2:55  Orbital Command  
  29  2:58  SCV  
  30  2:59  Marine x2  
  30  3:05  Factory Tech Lab  
  32  3:10  SCV  
  33  3:15  Supply Depot  
  33  3:16  Orbital Command  
  33  3:17  Marine x2  
  35  3:23  Medivac  
  35  3:26  SCV  
  36  3:32  Siege Tank  
  39  3:38  SCV  
  39  3:39  Marine x2  
  42  3:42  SCV  
  44  3:57  Marine x2  
  44  3:59  Liberator  
  44  4:02  Supply Depot  
  48  4:18  Siege Tank  
  48  4:19  SCV, Marine x2  
  48  4:23  SCV  
  55  4:28  Supply Depot  
  55  4:32  SCV  
  55  4:35  SCV  
  55  4:37  Marine  
  58  4:44  SCV  
  58  4:45  Supply Depot  
  59  4:47  SCV  
  59  4:52  Siege Tank  
  63  4:55  Starport Tech Lab  
  63  4:56  SCV  
  63  4:59  SCV, Marine x2  
  65  5:08  SCV  
  65  5:12  SCV  
  63  5:20  SCV  
  57  5:23  Marine x2  
  57  5:24  SCV  
  57  5:26  Bunker, Siege Tank  
  56  5:31  Refinery  
  56  5:32  SCV, Barracks x2  
  56  5:36  SCV  
  56  5:40  Marine  
  56  5:41  Marine  
  59  5:44  SCV  
  59  5:46  Engineering Bay  
  59  5:48  SCV  
  59  5:49  Raven, Refinery  
  63  5:53  Supply Depot  
  63  5:56  SCV  
  64  5:58  Marine x2  
  64  6:00  SCV  
  63  6:06  Siege Tank  
  63  6:08  SCV  
  63  6:09  Barracks  
  64  6:12  SCV, Barracks  
  64  6:15  Barracks  
  64  6:16  Marine x2  
  67  6:20  SCV  
  65  6:34  Marine x2  
  65  6:39  Siege Tank  
  66  6:40  SCV x2  
  64  6:48  Medivac  
  64  6:52  SCV, Marine x2  
  64  6:53  Barracks  
  68  6:56  Engineering Bay, SCV  
  68  7:01  Barracks Tech Lab  
  69  7:05  Supply Depot  
  66  7:09  Marine  
  66  7:10  Marine x2  
  66  7:11  Siege Tank  
  66  7:13  SCV  
  66  7:14  SCV  
  68  7:26  SCV  
  68  7:27  Marine x2  
  68  7:28  SCV  
  62  7:31  Marine x2  
  61  7:38  SCV, Refinery  
  61  7:40  SCV  
  61  7:41  Marine  
  64  7:45  Marine x2  
  64  7:48  Marine  
  64  7:50  SCV, Marine  
  69  7:52  SCV  
  69  7:53  Siege Tank  
  69  7:57  Supply Depot  
  73  7:59  Marine  
  73  8:02  SCV  
  73  8:03  Barracks, Marine x2  
  73  8:04  SCV  
  73  8:05  Medivac  
  80  8:06  Marine  
  80  8:09  Marine, Supply Depot  
  82  8:16  Marine  
  83  8:20  Supply Depot  
  83  8:25  Marine x2  
  88  8:28  Supply Depot  
  88  8:31  Marine x2  
  90  8:34  Marine  
  90  8:40  SCV  
Show
View Real Time Build Order
Export as new Build Order

DPGherO Protoss - Winner!

Build Orders: 1 Gate Expand, Blink Stalkers 

Get SALT Encoding   

  12  0:00  Probe  
  13  0:12  Probe  
  14  0:18  Pylon  
  14  0:24  Probe (Chrono Boost)  
  15  0:37  Probe (Chrono Boost)  
  15  0:38  Gateway  
  16  0:45  Probe (Chrono Boost)  
  16  0:48  Assimilator  
  17  0:51  Probe  
  18  1:03  Probe  
  19  1:15  Probe  
  20  1:25  Cybernetics Core  
  20  1:36  Nexus  
  20  1:42  Pylon  
  20  1:46  Probe  
  21  1:52  Assimilator  
  21  1:58  Probe (Chrono Boost)  
  22  2:04  Stalker  
  22  2:05  Warp Gate  
  24  2:10  Probe (Chrono Boost)  
  25  2:15  Probe (Chrono Boost)  
  26  2:23  Twilight Council  
  26  2:25  Probe  
  27  2:34  Stalker  
  27  2:37  Probe  
  30  2:48  Probe (Chrono Boost)  
  32  2:52  Blink (Chrono Boost), Probe (Chrono Boost)  
  33  3:00  Probe (Chrono Boost)  
  33  3:04  Probe (Chrono Boost)  
  33  3:05  Probe (Chrono Boost)  
  34  3:11  Gateway  
  35  3:14  Probe  
  35  3:18  Probe  
  37  3:25  Robotics Facility  
  36  3:27  Gateway  
  36  3:30  Probe  
  36  3:31  Probe  
  38  3:38  Gateway  
  38  3:42  Probe  
  38  3:43  Probe  
  40  3:51  Pylon  
  40  3:52  Stalker  
  42  3:56  Probe x2  
  44  4:07  Stalker  
  46  4:10  Warp Prism (Chrono Boost)  
  46  4:15  Pylon  
  49  4:18  Stalker  
  49  4:23  Stalker  
  52  4:26  Probe x2  
  52  4:31  Pylon  
  54  4:45  Stalker x2  
  54  4:46  Stalker  
  54  4:47  Probe x2  
  54  4:49  Assimilator  
  54  4:51  Stalker  
  63  4:54  Observer  
  64  5:01  Pylon  
  64  5:13  Probe x2  
  60  5:15  Stalker x3  
  64  5:25  Probe x2  
  61  5:37  Probe x2  
  63  5:43  Stalker x3  
  63  5:45  Stalker  
  63  5:48  Pylon  
  71  5:51  Nexus  
  71  5:57  Probe x2  
  73  6:00  Pylon  
  73  6:08  Stalker x2  
  73  6:10  Stalker  
  79  6:19  Probe x2  
  81  6:31  Probe x2  
  81  6:34  Pylon  
  81  6:36  Stalker x4  
  88  6:42  Forge  
  88  6:43  Probe (Chrono Boost)  
  89  6:48  Charge  
  89  6:50  Probe (Chrono Boost)  
  89  6:51  Immortal (Chrono Boost)  
  92  6:56  Probe (Chrono Boost)  
  92  7:01  Probe (Chrono Boost)  
  94  7:03  Probe (Chrono Boost)  
  93  7:10  Zealot x4  
  93  7:12  Probe x2  
  93  7:14  Probe  
  88  7:25  Warp Prism (Chrono Boost)  
  78  7:30  Probe  
  79  7:38  Gateway  
  79  7:39  Gateway  
  79  7:40  Gateway  
  79  7:42  Sentry x2, Zealot, Probe  
  79  7:44  Sentry  
  88  7:49  Shield Battery  
  88  7:52  Gateway  
  88  7:54  Immortal (Chrono Boost)  
  92  8:07  Zealot x4  
  100  8:16  Pylon  
  104  8:28  Pylon  
  104  8:29  Zealot x4  
  102  8:41  Zealot x3  
  102  8:46  Zealot  
  96  8:49  Zealot  
  96  8:50  Zealot x3  
Tags
 
Add a new tag
Caveats
  • Supply blocks, unpowered buildings, or Contaminate may cause inaccurate times.
  • Supply counts are checked every 10 seconds.